 Dungeon Crawl Stone Soup version 0.16-a0-4108-g6e49b0d (webtiles) character file.

868 BluebellGnoll the Chiller (level 8, -7/48 HPs)
             Began as an Octopode Ice Elementalist on Feb 26, 2015.
             Mangled by a wyvern zombie (8 damage)
             ... on level 6 of the Dungeon.
             The game lasted 00:28:27 (5903 turns).

BluebellGnoll the Chiller (OpIE)                    Turns: 5903, Time: 00:28:27

Health: -7/48      AC:  7    Str:  7    XL:     8   Next: 3%
Magic:  8/18       EV: 12    Int: 19    God:
Gold:   243        SH:  0    Dex: 13    Spells: 5 memorised, 2 levels left

rFire  . . .     SeeInvis .     k - +0 short sword (venom)
rCold  + . .     Clarity  +     (no shield)
rNeg   . . .     SustAb   .     (helmet restricted)
rPois  .         Gourm    .     y - amulet of clarity
rElec  .         Spirit   .     j - ring of protection from cold
rCorr  .         Warding  .     (no ring)
rMut   .         Stasis   .     (no ring)
MR     .....                    (no ring)
Stlth  ++++......               (no ring)
                                (no ring)
                                (no ring)
                                (no ring)

@: icy armour, very slightly contaminated, not resistant to hostile
enchantments, stealthy
A: almost no armour, amphibious, 8 rings, constrict 8, camouflage 1, gelatinous
body 1
a: no special abilities


You were on level 6 of the Dungeon.
You were hungry.

You visited 2 branches of the dungeon, and saw 7 of its levels.
You also visited: Sewer.

You collected 301 gold pieces.
You spent 58 gold pieces at shops.

Inventory:

Hand weapons
 k - a +0 short sword of venom (weapon)
Missiles
 e - 34 stones (quivered)
 g - 42 sling bullets
Jewellery
 j - a ring of protection from cold (left tentacle)
 t - an uncursed ring of fire
 y - an amulet of clarity (around mantle)
Magical devices
 d - a wand of confusion (14)
 p - a wand of paralysis (4)
 C - a wand of fireball (4)
 D - a wand of slowing (34)
Scrolls
 f - a scroll of enchant armour
 l - a scroll of identify
 m - 2 scrolls of magic mapping
 n - 2 scrolls of remove curse
 s - 4 scrolls of teleportation
 u - 3 scrolls of blinking
 w - 2 scrolls of recharging
 A - a scroll of immolation
Potions
 a - 2 potions of heal wounds
 h - 5 potions of curing
 i - 5 potions of magic
 o - 5 potions of flight
 q - a potion of haste {unknown}
 r - a potion of lignification
 v - a potion of invisibility {unknown}
 z - a potion of agility
 E - a potion of cure mutation
Books
 b - a book of Frost

   Spells                             Type                      Level
   a - Freeze                         Ice                          1
   b - Throw Frost                    Conjuration/Ice              2
   c - Ozocubu's Armour               Charms/Ice                   3
   d - Throw Icicle                   Conjuration/Ice              4
   e - Summon Ice Beast               Ice/Summoning                4
   f - Condensation Shield            Ice                          4
Comestibles
 c - 5 bread rations
 B - a meat ration


   Skills:
 - Level 1.2 Fighting
 - Level 3.1 Short Blades
 - Level 2.0 Dodging
 - Level 5.6 Stealth
 - Level 4.5 Spellcasting
 * Level 2.0 Conjurations
 + Level 5.8 Ice Magic


You had 2 spell levels left.
You knew the following spells:

 Your Spells              Type           Power        Failure   Level  Hunger
a - Freeze                Ice            ####         1%          1    None
b - Throw Frost           Conj/Ice       ###...       4%          2    #......
c - Ozocubu's Armour      Chrm/Ice       ###.....     12%         3    ###....
d - Condensation Shield   Ice            ####......   14%         4    ####...
e - Throw Icicle          Conj/Ice       ###.....     28%         4    ####...


Dungeon Overview and Level Annotations

Branches:
Dungeon (6/15)             Temple (1/1) D:4

Altars:
Ashenzari
Cheibriados
Dithmenos
Elyvilon
Fedhas
Gozag
Kikubaaqudgha
Makhleb
Qazlal
Ru
Sif Muna
Xom
Yredelemnul
Zin

Shops:
D:5 }?


Innate Abilities, Weirdness & Mutations

You cannot wear most types of armour.
You are amphibious.
You can wear up to eight rings at the same time.
You can use your tentacles to constrict many enemies at once.
Your skin changes colour to match your surroundings (Stealth).
Your rubbery body absorbs attacks (AC +1).


Message History

* * * LOW HITPOINT WARNING * * *
The wyvern zombie barely misses you.
Casting: Freeze
Confirm with . or Enter, or press ? or * to list all spells.
Aiming: Freeze
Press: ? - help, Shift-Dir - straight line, f/p - wyvern zombie
Aim: a wyvern zombie You freeze the wyvern zombie.
The wyvern zombie completely resists.
The wyvern zombie bites you!
* * * LOW HITPOINT WARNING * * *
Casting: Freeze
Confirm with . or Enter, or press ? or * to list all spells.
Aiming: Freeze
Press: ? - help, Shift-Dir - straight line, f/p - wyvern zombie
Aim: a wyvern zombie You freeze the wyvern zombie.
The wyvern zombie resists.
The wyvern zombie bites you.
* * * LOW HITPOINT WARNING * * *
The wyvern zombie bites you!
You die...

#. .. ##. ..
#####/#########
...............
.................
#.#@#######
#...Z.....#
#.........#
#.........#
............#
#.##.........# #
#.........#
#.........#
#.........


You could see a wyvern zombie.

Vanquished Creatures
  Purgy (Sewer)
  Sigmund (D:3)
  A scorpion (D:5)
  2 orc priests
  2 crimson imps (D:5)
  3 hounds
  A jelly (D:5)
  An orc wizard (D:3)
  6 worker ants
  Robin (D:2)
  11 adders
  2 worms (D:2)
  An adder skeleton (D:5)
  2 oozes
  6 orcs
  5 ball pythons
  6 giant cockroaches
  15 hobgoblins
  8 kobolds
  4 quokkas
  8 bats
  A giant gecko (D:5)
  9 giant newts
  16 goblins
  14 jackals
  12 rats
139 creatures vanquished.

Notes
Turn   | Place    | Note
--------------------------------------------------------------
     0 | D:1      | BluebellGnoll, the Octopode Ice Elementalist, began the quest for the Orb.
     0 | D:1      | Reached XP level 1. HP: 11/11 MP: 3/3
   158 | D:1      | Reached XP level 2. HP: 12/17 MP: 2/4
   162 | D:1      | Learned a level 2 spell: Throw Frost
   192 | D:1      | Reached skill level 4 in Stealth
   706 | D:1      | Reached XP level 3. HP: 18/21 MP: 4/6
   865 | D:1      | Reached skill level 1 in Fighting
  1026 | D:2      | Reached skill level 1 in Short Blades
  1044 | D:2      | Noticed Robin
  1211 | D:2      | Reached skill level 5 in Stealth
  1213 | D:2      | Killed Robin
  1213 | D:2      | Reached XP level 4. HP: 15/28 MP: 1/7
  1492 | D:2      | Found a basalt altar of Yredelemnul.
  1932 | D:2      | Reached XP level 5. HP: 23/33 MP: 9/9
  1998 | D:2      | Learned a level 3 spell: Ozocubu's Armour
  2472 | D:3      | Noticed Sigmund
  2492 | D:3      | Killed Sigmund
  2891 | D:3      | Reached XP level 6. HP: 38/38 MP: 13/15
  2897 | D:3      | Learned a level 4 spell: Condensation Shield
  3037 | D:3      | Learned a level 4 spell: Throw Icicle
  3344 | D:4      | Found a glowing drain.
  3607 | Sewer    | Entered a sewer
  3749 | Sewer    | Noticed Purgy
  3851 | Sewer    | Killed Purgy
  3851 | Sewer    | Reached XP level 7. HP: 43/43 MP: 13/17
  4112 | D:4      | Found a staircase to the Ecumenical Temple.
  4120 | Temple   | Entered the Ecumenical Temple
  4335 | D:4      | Found a glowing silver altar of Zin.
  5078 | D:5      | Entered Level 5 of the Dungeon
  5235 | D:5      | Found Evam Axu's Gadget Shoppe.
  5327 | D:5      | Found Etofrota's Magic Scroll Shop.
  5338 | D:5      | Bought a scroll of immolation for 45 gold pieces
  5338 | D:5      | Bought a scroll of noise for 13 gold pieces
  5492 | D:5      | Reached skill level 5 in Ice Magic
  5726 | D:5      | Reached XP level 8. HP: 48/48 MP: 13/18
  5900 | D:6      | HP: 2/48 [wyvern zombie (12)]
  5903 | D:6      | Mangled by a wyvern zombie

Action                   |  1- 3 |  4- 6 |  7- 9 || total
-------------------------+-------+-------+-------++-------
Melee: Club              |    19 |       |       ||    19
       Unarmed           |     5 |       |       ||     5
       Dagger            |    39 |   112 |    13 ||   164
       Short sword       |       |       |    32 ||    32
Throw: Stone             |     4 |       |       ||     4
 Cast: Freeze            |    19 |    27 |    46 ||    92
       Throw Frost       |     3 |     9 |     9 ||    21
       Ozocubu's Armour  |       |     1 |     2 ||     3
Evoke: Wand              |       |    12 |     1 ||    13
  Use: Scroll            |     3 |    12 |     3 ||    18
 Stab: Sleeping          |     6 |     9 |     5 ||    20
       Confused          |       |     3 |     1 ||     4
       Paralysed         |       |     1 |       ||     1
  Eat: Chunk             |     1 |     9 |     6 ||    16
